| TOP OF THE 1ST |
|
Orem Owlz batting - Pitching for Great Falls Voyagers : RHP Juan Reyes
|
|
Pitching: RHP Juan Reyes
|
|
|
Batting: RHB Joe Hewitt
|
0-0: Ball 1-0: Swinging Strike 1-1: Swinging Strike 1-2: Foul Ball, location: 2F 1-2: Ball 2-2: Foul Ball, location: 2F 2-2: Ball 3-2: Base on Balls
|
|
Batting: RHB Fred Saxton
|
0-0: Ball Wild Pitch! Joe Hewitt to second 1-0: Swinging Strike 1-1: Swinging Strike 1-2: Strikes out swinging
|
|
Batting: RHB Brian Spry
|
0-0: Called Strike 0-1: Foul Ball, location: 2F 0-2: SINGLE (Groundball, 34D, EV 101.9 MPH) Joe Hewitt to third
|
|
Batting: LHB Ramon Garduno
|
0-0: Ball 1-0: Ball 2-0: Foul Ball, location: 2F 2-1: Ball 3-1: Foul Ball, location: 2F 3-2: Foul Ball, location: 2F 3-2: Strikes out looking
|
|
Batting: RHB Daniel Molina
|
0-0: Ball 1-0: Swinging Strike 1-1: Foul Ball, location: 2F 1-2: Ball 2-2: Strikes out swinging
|
| Top of the 1st over - 0 runs, 1 hit, 0 errors, 2 left on base; Orem 0 - Great Falls 0 |
| BOTTOM OF THE 1ST |
|
Great Falls Voyagers batting - Pitching for Orem Owlz : LHP Jon Lawson
|
|
Pitching: LHP Jon Lawson
|
|
|
Batting: RHB Andy Cotton
|
0-0: Ball 1-0: Ball 2-0: Ball 3-0: Base on Balls
|
|
Batting: RHB Russ Cornett
|
0-0: Ball 1-0: Ball 2-0: Ball 3-0: Called Strike 3-1: Foul Ball, location: 2F 3-2: 2-RUN HOME RUN (Line Drive, 7LD, EV 94.4 MPH), Distance : 367 ft
|
|
Batting: SHB Rob Haney
|
0-0: Ball 1-0: Ball 2-0: Swinging Strike 2-1: Foul Ball, location: 9LSF, Error on foul ball, E9 2-2: Strikes out swinging
|
|
Batting: RHB Billy Grubbs
|
0-0: Foul Ball, location: 2F 0-1: Foul Ball, location: 2F 0-2: Ball 1-2: Strikes out swinging, 2-3 out at first.
|
|
Batting: RHB Mitch Cuadros
|
0-0: Ball 1-0: Ball 2-0: Ground out 6-3 (Groundball, 6, EV 84.4 MPH)
|
| Bottom of the 1st over - 2 runs, 1 hit, 1 error, 0 left on base; Orem 0 - Great Falls 2 |
| TOP OF THE 2ND |
|
Orem Owlz batting - Pitching for Great Falls Voyagers : RHP Juan Reyes
|
|
Batting: SHB David Vigo
|
0-0: Called Strike 0-1: SINGLE (Line Drive, 8LS, EV 107.5 MPH)
|
|
Batting: SHB Yuya Hirata
|
0-0: Called Strike Pickoff Throw to First - Out! 1-3 0-1: Ball 1-1: Foul Ball, location: 2F 1-2: Strikes out swinging
|
|
Batting: RHB Brendan Garoutte
|
0-0: Ball 1-0: Ball 2-0: Ball 3-0: Base on Balls
|
|
Batting: RHB Carlos Gonzales
|
0-0: Ball 1-0: Ball 2-0: Ball 3-0: Called Strike 3-1: Base on Balls Brendan Garoutte to second
|
|
Batting: RHB Joe Hewitt
|
0-0: Called Strike 0-1: Ground out 5-3 (Groundball, 56S, EV 68.8 MPH)
|
| Top of the 2nd over - 0 runs, 1 hit, 0 errors, 2 left on base; Orem 0 - Great Falls 2 |
| BOTTOM OF THE 2ND |
|
Great Falls Voyagers batting - Pitching for Orem Owlz : LHP Jon Lawson
|
|
Batting: RHB Tommy Ellington
|
0-0: Foul Ball, location: 2F 0-1: Ball 1-1: Foul Ball, location: 2F 1-2: Ball 2-2: DOUBLE (Line Drive, 89XD, EV 103.8 MPH)
|
|
Batting: RHB Francisco Marin
|
0-0: Foul Ball, location: 2F 0-1: Swinging Strike 0-2: Ball 1-2: Strikes out looking
|
|
Batting: RHB Enrique Gomez
|
0-0: Ball 1-0: Called Strike 1-1: Ball 2-1: Ball 3-1: Swinging Strike 3-2: Strikes out swinging
|
|
Batting: LHB Jose Pereyra
|
0-0: Called Strike 0-1: Foul Ball, location: 2F 0-2: Ball 1-2: Ball 2-2: Strikes out swinging
|
| Bottom of the 2nd over - 0 runs, 1 hit, 0 errors, 1 left on base; Orem 0 - Great Falls 2 |
| TOP OF THE 3RD |
|
Orem Owlz batting - Pitching for Great Falls Voyagers : RHP Juan Reyes
|
|
Batting: RHB Fred Saxton
|
0-0: Called Strike 0-1: Ball 1-1: Swinging Strike 1-2: Ball 2-2: Strikes out swinging
|
|
Batting: RHB Brian Spry
|
0-0: Swinging Strike 0-1: Fly out, F8 (Flyball, 8LD, EV 96.9 MPH)
|
|
Batting: LHB Ramon Garduno
|
0-0: Called Strike 0-1: SINGLE (Groundball, 6D, EV 103.1 MPH)
|
|
Batting: RHB Daniel Molina
|
0-0: Ball 1-0: Foul Ball, location: 2F 1-1: Foul Ball, location: 2F 1-2: Foul Ball, location: 2F 1-2: Ball 2-2: Ground out 4-3 (Groundball, 13, EV 82.5 MPH)
|
| Top of the 3rd over - 0 runs, 1 hit, 0 errors, 1 left on base; Orem 0 - Great Falls 2 |
| BOTTOM OF THE 3RD |
|
Great Falls Voyagers batting - Pitching for Orem Owlz : LHP Jon Lawson
|
|
Batting: RHB Andy Cotton
|
0-0: Ball 1-0: DOUBLE (Line Drive, 5D, EV 101.9 MPH)
|
|
Batting: RHB Russ Cornett
|
0-0: Swinging Strike 0-1: Foul Ball, location: 2F 0-2: Ball 1-2: 2-RUN HOME RUN (Flyball, 7LD, EV 93.1 MPH), Distance : 351 ft
|
|
Batting: SHB Rob Haney
|
0-0: Foul Ball, location: 2F 0-1: Ground out 5-3 (Groundball, 56, EV 86.9 MPH)
|
|
Batting: RHB Billy Grubbs
|
0-0: Foul Ball, location: 2F 0-1: Ball 1-1: Ground out 6-3 (Groundball, 6, EV 107.5 MPH)
|
|
Batting: RHB Mitch Cuadros
|
0-0: Ball 1-0: SINGLE (Line Drive, 3D, EV 95.6 MPH)
|
|
Batting: RHB Tommy Ellington
|
0-0: DOUBLE (Groundball, 5L, EV 100.0 MPH) Mitch Cuadros to third Runner from 3rd tries for Home, SAFE, throw by LF to home
|
|
Batting: RHB Francisco Marin
|
0-0: Ball 1-0: Foul Ball, location: 2F 1-1: Ball 2-1: Ball 3-1: Called Strike 3-2: Foul Ball, location: 2F 3-2: Strikes out swinging
|
| Bottom of the 3rd over - 3 runs, 4 hits, 0 errors, 1 left on base; Orem 0 - Great Falls 5 |
| TOP OF THE 4TH |
|
Orem Owlz batting - Pitching for Great Falls Voyagers : RHP Juan Reyes
|
|
Batting: SHB David Vigo
|
0-0: Swinging Strike 0-1: Swinging Strike 0-2: Fly out, F9 (Flyball, 9S, EV 95.6 MPH)
|
|
Batting: SHB Yuya Hirata
|
0-0: Ground out 3-1 (Groundball, 34S, EV 85.6 MPH)
|
|
Batting: RHB Brendan Garoutte
|
0-0: Ball 1-0: Ground out 5-3 (Groundball, 5S, EV 68.1 MPH)
|
| Top of the 4th over - 0 runs, 0 hits, 0 errors, 0 left on base; Orem 0 - Great Falls 5 |
| BOTTOM OF THE 4TH |
|
Great Falls Voyagers batting - Pitching for Orem Owlz : LHP Jon Lawson
|
|
Batting: RHB Enrique Gomez
|
0-0: Ball 1-0: Ball 2-0: Ball 3-0: Called Strike 3-1: Swinging Strike 3-2: Foul Ball, location: 2F 3-2: Ground out 6-3 (Groundball, 56D, EV 83.1 MPH)
|
|
Batting: LHB Jose Pereyra
|
0-0: Called Strike 0-1: Ball 1-1: Ball 2-1: Foul Ball, location: 2F 2-2: Strikes out swinging
|
|
Batting: RHB Andy Cotton
|
0-0: Foul Ball, location: 2F 0-1: Fly out, F3 (Popup, 3F, EV 79.4 MPH)
|
| Bottom of the 4th over - 0 runs, 0 hits, 0 errors, 0 left on base; Orem 0 - Great Falls 5 |
| TOP OF THE 5TH |
|
Orem Owlz batting - Pitching for Great Falls Voyagers : RHP Juan Reyes
|
|
Batting: RHB Carlos Gonzales
|
0-0: Ball 1-0: Ground out 5-3 (Groundball, 56S, EV 78.8 MPH)
|
|
Batting: RHB Joe Hewitt
|
0-0: Ball 1-0: Foul Ball, location: 2F 1-1: SINGLE (Line Drive, 6MD, EV 99.4 MPH)
|
|
Batting: RHB Fred Saxton
|
0-0: Ball 1-0: Foul Ball, location: 2F 1-1: Grounds into double play, 6-4-3 (Groundball, 6, EV 80.0 MPH)
|
| Top of the 5th over - 0 runs, 1 hit, 0 errors, 0 left on base; Orem 0 - Great Falls 5 |
| BOTTOM OF THE 5TH |
|
Great Falls Voyagers batting - Pitching for Orem Owlz : LHP Jon Lawson
|
|
Batting: RHB Russ Cornett
|
0-0: Ground out 6-3 (Groundball, 56, EV 81.9 MPH)
|
|
Batting: SHB Rob Haney
|
0-0: Ball 1-0: Ball 2-0: Foul Ball, location: 2F 2-1: Foul Ball, location: 2F 2-2: Ball 3-2: Foul Ball, location: 2F 3-2: SINGLE (Groundball, 34D, EV 108.8 MPH)
|
|
Pitching: RHP Kunihiro Sasaki
|
|
|
Batting: RHB Billy Grubbs
|
0-0: Foul Ball, location: 2F 0-1: Ball 1-1: Ball 2-1: Fielders Choice at 2nd, 4-6 (Groundball, 4, EV 104.4 MPH)
|
|
Batting: RHB Mitch Cuadros
|
0-0: Ball 1-0: Ball 2-0: Called Strike 2-1: Ball 3-1: Foul Ball, location: 2F 3-2: Base on Balls Billy Grubbs to second
|
|
Batting: RHB Tommy Ellington
|
0-0: Ball 1-0: Called Strike 1-1: Ball 2-1: Called Strike 2-2: Strikes out looking
|
| Bottom of the 5th over - 0 runs, 1 hit, 0 errors, 2 left on base; Orem 0 - Great Falls 5 |
| TOP OF THE 6TH |
|
Orem Owlz batting - Pitching for Great Falls Voyagers : RHP Juan Reyes
|
|
Batting: RHB Brian Spry
|
0-0: Ball 1-0: Foul Ball, location: 2F 1-1: Ball 2-1: Foul Ball, location: 2F 2-2: Strikes out looking
|
|
Batting: LHB Ramon Garduno
|
0-0: Ball 1-0: Foul Ball, location: 2F 1-1: Ball 2-1: DOUBLE (Line Drive, 7LS, EV 96.9 MPH)
|
|
Batting: RHB Daniel Molina
|
0-0: Hit by Pitch
|
|
Batting: SHB David Vigo
|
0-0: Called Strike 0-1: Ball 1-1: Foul Ball, location: 2F 1-2: Fielders Choice at 2nd, 3-6 (Groundball, 3, EV 82.5 MPH) Ramon Garduno to third
|
|
Batting: SHB Yuya Hirata
|
0-0: Called Strike 0-1: Ball 1-1: Foul Ball, location: 2F 1-2: Strikes out swinging
|
| Top of the 6th over - 0 runs, 1 hit, 0 errors, 2 left on base; Orem 0 - Great Falls 5 |
| BOTTOM OF THE 6TH |
|
Great Falls Voyagers batting - Pitching for Orem Owlz : RHP Kunihiro Sasaki
|
|
Batting: RHB Francisco Marin
|
0-0: Ball 1-0: Ball 2-0: Ball 3-0: Foul Ball, location: 2F 3-1: Base on Balls
|
|
Batting: RHB Enrique Gomez
|
0-0: TRIPLE (Flyball, 89XD, EV 100.0 MPH) Francisco Marin scores
|
|
Batting: LHB Jose Pereyra
|
0-0: Ball 1-0: Ball 2-0: Fly out, F8 (Flyball, 8RD, EV 102.5 MPH) Runner from 3rd tags up, SCORES, no throw by CF
|
|
Batting: RHB Andy Cotton
|
0-0: Ground out U3 (Groundball, 34, EV 88.1 MPH)
|
|
Batting: RHB Russ Cornett
|
0-0: Called Strike 0-1: Ball 1-1: Foul Ball, location: 2F 1-2: Foul Ball, location: 2F 1-2: Strikes out swinging
|
| Bottom of the 6th over - 2 runs, 1 hit, 0 errors, 0 left on base; Orem 0 - Great Falls 7 |
| TOP OF THE 7TH |
|
Orem Owlz batting - Pitching for Great Falls Voyagers : RHP Juan Reyes
|
|
Pitching: RHP Jose Rodriguez
|
|
|
Batting: RHB Brendan Garoutte
|
0-0: Ball 1-0: Called Strike 1-1: Foul Ball, location: 2F 1-2: Foul Ball, location: 2F 1-2: Ground out 6-3 (Groundball, 6, EV 104.4 MPH)
|
|
Pinch Hitting: LHB Bill Girton
|
0-0: Foul Ball, location: 2F 0-1: Called Strike 0-2: Strikes out swinging
|
|
Batting: RHB Joe Hewitt
|
0-0: Ball 1-0: Ball 2-0: Ball 3-0: Called Strike 3-1: Foul Ball, location: 2F 3-2: SINGLE (Line Drive, 8RS, EV 94.4 MPH)
|
|
Batting: RHB Fred Saxton
|
0-0: Ball 1-0: Called Strike 1-1: Ball Joe Hewitt steals 2nd base (no throw) 2-1: Called Strike 2-2: Strikes out swinging
|
| Top of the 7th over - 0 runs, 1 hit, 0 errors, 1 left on base; Orem 0 - Great Falls 7 |
| BOTTOM OF THE 7TH |
|
Great Falls Voyagers batting - Pitching for Orem Owlz : RHP Kunihiro Sasaki
|
|
Pitching: RHP Javier Carrasco
|
|
|
Now in LF: Bill Girton
|
|
|
Now in CF: Joe Hewitt
|
|
|
Batting: SHB Rob Haney
|
0-0: Ball 1-0: Fly out, F8 (Flyball, 8LM, EV 84.4 MPH)
|
|
Pinch Hitting: SHB Jose Romo
|
0-0: Ball 1-0: Foul Ball, location: 2F 1-1: Ball 2-1: Called Strike 2-2: Ball 3-2: Strikes out looking
|
|
Batting: RHB Mitch Cuadros
|
0-0: Ball 1-0: Ball 2-0: DOUBLE (Line Drive, 89D, EV 101.9 MPH)
|
|
Batting: RHB Tommy Ellington
|
0-0: Foul Ball, location: 2F 0-1: Foul Ball, location: 2F 0-2: Strikes out swinging
|
| Bottom of the 7th over - 0 runs, 1 hit, 0 errors, 1 left on base; Orem 0 - Great Falls 7 |
| TOP OF THE 8TH |
|
Orem Owlz batting - Pitching for Great Falls Voyagers : RHP Jose Rodriguez
|
|
Now at 2B: Rob Haney
|
|
|
Now at SS: Jose Romo
|
|
|
Batting: RHB Brian Spry
|
0-0: Ground out 3-1 (Groundball, 34S, EV 85.0 MPH)
|
|
Batting: LHB Ramon Garduno
|
0-0: Swinging Strike 0-1: Called Strike 0-2: Strikes out looking
|
|
Batting: RHB Daniel Molina
|
0-0: Ball 1-0: Fly out, F6 (Popup, 56, EV 53.1 MPH)
|
| Top of the 8th over - 0 runs, 0 hits, 0 errors, 0 left on base; Orem 0 - Great Falls 7 |
| BOTTOM OF THE 8TH |
|
Great Falls Voyagers batting - Pitching for Orem Owlz : RHP Javier Carrasco
|
|
Batting: RHB Francisco Marin
|
0-0: Ball 1-0: Called Strike 1-1: Foul Ball, location: 2F 1-2: Foul Ball, location: 2F 1-2: Strikes out swinging
|
|
Batting: RHB Enrique Gomez
|
0-0: Ball 1-0: Called Strike 1-1: Foul Ball, location: 2F 1-2: Ground out 6-3 (Groundball, 56D, EV 98.1 MPH)
|
|
Batting: LHB Jose Pereyra
|
0-0: Foul Ball, location: 2F 0-1: Ball 1-1: DOUBLE (Line Drive, 5D, EV 102.5 MPH)
|
|
Batting: RHB Andy Cotton
|
0-0: Ball 1-0: Ball 2-0: Foul Ball, location: 2F 2-1: Foul Ball, location: 2F 2-2: Ground out 4-3 (Groundball, 4, EV 105.6 MPH)
|
| Bottom of the 8th over - 0 runs, 1 hit, 0 errors, 1 left on base; Orem 0 - Great Falls 7 |
| TOP OF THE 9TH |
|
Orem Owlz batting - Pitching for Great Falls Voyagers : RHP Jose Rodriguez
|
|
Batting: SHB David Vigo
|
0-0: Ground out 6-3 (Groundball, 6M, EV 84.4 MPH)
|
|
Batting: SHB Yuya Hirata
|
0-0: Ball 1-0: Ground out 4-3 (Groundball, 4S, EV 64.4 MPH)
|
|
Batting: RHB Brendan Garoutte
|
0-0: Fly out, F7 (Line Drive, 7, EV 100.6 MPH)
|
| Top of the 9th over - 0 runs, 0 hits, 0 errors, 0 left on base; Orem 0 - Great Falls 7 |
|